 Dungeon Crawl Stone Soup version 0.29.1-1-gd02db6906a (webtiles) character file.

Game seed: 7229634867135520455

126 Araneus the Cudgeller (level 4, 0/35 HPs)
             Began as a Demonspawn Fighter on Sept 30, 2022.
             Slain by Robin
             ... wielding a +4 club
              (4 damage)
             ... on level 3 of the Dungeon.
             The game lasted 00:02:52 (2814 turns).

Araneus the Cudgeller (Demonspawn Fighter)          Turns: 2814, Time: 00:02:52

Health: 0/35       AC:  7    Str: 19    XL:     4   Next: 84%
Magic:  4/4        EV:  9    Int:  9    God:
Gold:   132        SH:  4    Dex: 12    Spells: 3/3 levels left

rFire   . . .      SeeInvis .   a - +0 flail
rCold   . . .      Faith    .   c - +0 buckler
rNeg    . . .      Spirit   .   b - +0 scale mail
rPois   .          Reflect  .   (helmet restricted)
rElec   .          Harm     .   (no cloak)
rCorr   .          Rampage  .   n - +0 pair of gloves
Will    .....                   (no boots)
Stlth   ..........              (no amulet)
HPRegen 0.11/turn               (no ring)
MPRegen 0.09/turn               (no ring)

@: no status effects
A: antennae 1, powered by pain 1
a: no special abilities


You were on level 3 of the Dungeon.
You visited 1 branch of the dungeon, and saw 3 of its levels.

You collected 132 gold pieces.

Inventory:

Hand Weapons
 a - a +0 flail (weapon)
Armour
 b - a +0 scale mail (worn)
 c - a +0 buckler (worn)
 n - a +0 pair of gloves (worn)
Jewellery
 o - a +4 ring of evasion
Scrolls
 e - 2 scrolls of vulnerability {unknown}
 f - 3 scrolls of teleportation {unknown}
 g - 2 scrolls of blinking {unknown}
 h - 2 scrolls of identify {unknown}
 j - a scroll of poison {unknown}
 k - a scroll of silence {unknown}
 m - a scroll of noise {unknown}
 p - a scroll of magic mapping {unknown}
Potions
 d - a potion of might
 i - 2 potions of ambrosia {unknown}
 l - a potion of attraction {unknown}


   Skills:
 - Level 3.0 Fighting
 + Level 4.6 Maces & Flails
 - Level 2.6 Armour
 - Level 2.6 Shields


You had 3 spell levels left.
You didn't know any spells.
Your spell library contained the following spells:

 Spells                   Type           Power      Damage    Failure   Level
 Beastly Appendage        Tmut           0%         N/A       86%         1
 Magic Dart               Conj           0%         1d3       86%         1
 Call Imp                 Summ           0%         N/A       94%         2
 Wereblood                Tmut           0%         N/A       94%         2
 Mephitic Cloud           Conj/Pois/Air  0%         N/A       99%         3
 Spider Form              Tmut/Pois      0%         N/A       99%         3


Dungeon Overview and Level Annotations

Branches:
Dungeon (3/15)

Altars:

Shops:
D:1 [

Annotations:
D:3 Robin


Innate Abilities, Weirdness & Mutations

You have a pair of small antennae on your head.
You sometimes gain a little power by taking damage.


Message History

You are too injured to fight recklessly!
You are too injured to fight recklessly!
You are too injured to fight recklessly!
You are too injured to fight recklessly!
You are too injured to fight recklessly!
You completely miss Robin.
Robin says, "Bow before me, strongest of all the hobgoblins!"
Robin hits you with a +4 club.
* * * LOW HITPOINT WARNING * * *
You hit Robin.
Robin is lightly wounded.
Robin barely misses you. The hobgoblin attacks as you move away!
You block the hobgoblin's attack.
Robin roars a battlecry!
The hobgoblin goes into a battle-frenzy!
You see here a +0 club.
You hit the hobgoblin but do no damage. You block the hobgoblin's attack.
You hit the hobgoblin.
The hobgoblin is lightly wounded.
You block the hobgoblin's attack.
You thump the hobgoblin!
You kill the hobgoblin!
You hit Robin.
Robin is lightly wounded.
Robin hits you with a +4 club.
* * * LOW HITPOINT WARNING * * *
You block Robin's attack.
You sock Robin!
Robin is severely wounded.
Robin closely misses you.
You hit Robin.
Robin is almost dead.
You block Robin's attack.
You hit Robin.
Robin is almost dead.
You block Robin's attack.
You barely miss Robin.
Robin is almost dead.
Robin hits you with a +4 club.
You die...

..........# #.#..#.#....
#########.####.#....####.
#.................
#.......##########
#.####### #.# #.# #.# #@#
########g# ......)..#
##########


You could see Robin.

Vanquished Creatures
  Terence (D:3)
  A gnoll (D:1)
  3 adders (D:2)
  2 worms (D:2)
  A dart slug (D:1)
  An orc (D:3)
  5 ball pythons
  4 endoplasms
  A giant cockroach (D:2)
  6 hobgoblins
  2 jackals (D:2)
  2 quokkas (D:2)
  5 bats
  3 frilled lizards
  9 goblins
  3 kobolds
  6 rats
55 creatures vanquished.

Notes
Turn   | Place    | Note
-------+----------+-------------------------------------------
     0 | D:1      | Araneus the Demonspawn Fighter began the quest for the Orb.
     0 | D:1      | Reached XP level 1. HP: 18/18 MP: 1/1
    94 | D:1      | Reached skill level 2 in Maces & Flails
   334 | D:1      | Discovered your monstrous ancestry.
   334 | D:1      | Gained mutation: You have a pair of small antennae on your
                  | head. [demonic ancestry]
   334 | D:1      | Reached XP level 2. HP: 21/24 MP: 2/2
   629 | D:1      | Noticed a floating eye
   684 | D:1      | Reached skill level 3 in Maces & Flails
   793 | D:1      | Noticed a great orb of eyes
   796 | D:1      | Found a faded altar of an unknown god.
   797 | D:1      | Noticed a golden eye
   797 | D:1      | Noticed a great orb of eyes
   817 | D:1      | Reached XP level 3. HP: 27/29 MP: 3/3
   864 | D:1      | Found Irarum's Antique Armour Shoppe.
  1695 | D:2      | Gained mutation: You sometimes gain a little power by
                  | taking damage. [demonic ancestry]
  1695 | D:2      | Reached XP level 4. HP: 25/35 MP: 4/4
  1698 | D:2      | Reached skill level 4 in Maces & Flails
  2254 | D:3      | Identified the +6 short sword "Agestroq" {flame, rC+}
  2287 | D:3      | Noticed Terence
  2300 | D:3      | Killed Terence
  2785 | D:3      | Noticed Robin
  2814 | D:3      | Slain by Robin

Illustrated notes

Levels and vault maps discovered:
D:1:      dpeg_arrival_three_smaller_balls, layout_basic,
          hellmonk_ecumenical_altar_watching_god, serial_shops,
          nicolae_shop_advertising_works [nicolae_subvault_shop_adworks]
D:2:      layout_basic, minmay_increasing_density
D:3:      layout_basic, nicolae_wu_jian_immortal_techniques, uniq_terence,
          uniq_natasha, uniq_robin

Skill      XL: |  1  2  3  4 |
---------------+-------------+-----
Maces & Flails | 2 3 4 |  4.6
Fighting       | |  3.0
Armour         | |  2.6
Shields        | |  2.6

Action                   |  1- 3 |  4- 6 || total
-------------------------+-------+-------++-------
Melee: Flail             |   110 |    80 ||   190
Armor: Scale mail        |    52 |    36 ||    88
Dodge: Dodged            |    54 |    36 ||    90
Block: Buckler           |    24 |    27 ||    51
